[Event "12th A.Margaryan Memorial 2022"]
[Site "Yerevan"]
[Date "2022.01.12"]
[Round "3.5"]
[White "Ohanyan, Emin"]
[Black "Alavi, Sayed Javad"]
[Result "1/2-1/2"]
[ECO "D37"]
[WhiteElo "2373"]
[BlackElo "2455"]
[Annotator "ChessBase"]
[PlyCount "195"]
[EventDate "2022.01.09"]
[EventType "tourn"]
[EventCountry "ARM"]
[SourceTitle "playchess.com"]
[Source "ChessBase"]
[SourceQuality "1"]
[TimeControl "40/5400+30:1800+30"]

1. d4 Nf6 2. c4 e6 3. Nf3 d5 4. Nc3 a6 5. cxd5 exd5 6. Bg5 Be7 7. e3 O-O 8. Bd3 Be6 9. Ne5 Nfd7 10. Qh5 f5 11. Bxe7 Qxe7 12. Nxd7 Nxd7 13. O-O Rae8 14. a3 Nf6 15. Qh4 c6 16. b4 Bc8 17. Rab1 Qe6 18. a4 Ne4 19. Bxe4 fxe4 20. Ne2 b5 21. axb5 axb5 22. Ra1 Rf7 23. Qg3 Qe7 24. Rfb1 Ref8 25. Nf4 Bd7 26. h4 Qd6 27. Ra7 Qb8 28. Rba1 Qd6 29. Rb1 Qb8 30. Ra6 Qd6 31. h5 Bc8 32. Ra8 Bd7 33. Ra7 Qb8 34. Rba1 Qd6 35. Rb1 Qb8 36. Ra6 Qd6 37. Qh4 Bc8 38. Ra8 Bf5 39. Ra6 Bc8 40. Ra8 Bf5 41. Rba1 Rxa8 42. Rxa8+ Rf8 43. Ra7 Rf7 44. Ra6 Bc8 45. Ra8 Rf8 46. h6 Qxh6 47. Qxh6 gxh6 48. Kh2 Bd7 49. Ra7 Bf5 50. Kg3 Rf6 51. Kh4 Bg6 52. Rc7 Kf8 53. g4 Kg8 54. Rc8+ Kf7 55. Rc7+ Kg8 56. Ra7 Kf8 57. Kg3 Kg8 58. Kh3 Bf7 59. Ra6 Kg7 60. Kh4 Bg6 61. Ra8 Rd6 62. Rc8 Rf6 63. Kg3 Kf7 64. Rc7+ Kf8 65. Kg2 Bf7 66. Kh3 Bg6 67. Kh4 Rd6 68. g5 hxg5+ 69. Kxg5 Bf7 70. Kf5 Rh6 71. Rd7 Be8 72. Rc7 Bf7 73. Ke5 Ke8 74. Ra7 Kf8 75. Rd7 Be8 76. Ra7 Bf7 77. Kf5 Rd6 78. Kg5 Kg8 79. Ra1 Kg7 80. Rh1 Bg6 81. Rh6 Kf7 82. Rh1 Rf6 83. Ra1 Rd6 84. Ra7+ Kf8 85. Ng2 Re6 86. Rc7 Rd6 87. Nh4 Re6 88. Ra7 Rd6 89. Rb7 Re6 90. Rc7 Rd6 91. f4 exf3 92. Nxf3 h6+ 93. Kg4 Rf6 94. Ne5 Be8 95. Rh7 Kg8 96. Re7 Kf8 97. Rh7 Kg8 98. Re7 1/2-1/2

[Event "12th A.Margaryan Memorial 2022"]
[Site "Yerevan"]
[Date "2022.01.16"]
[Round "8.1"]
[White "Makarian, Rudik"]
[Black "Barseghyan, Armen Ar."]
[Result "1-0"]
[ECO "E16"]
[WhiteElo "2509"]
[BlackElo "2358"]
[Annotator "RC"]
[PlyCount "137"]
[EventDate "2022.01.09"]
[EventType "tourn"]
[EventCountry "ARM"]
[SourceTitle "playchess.com"]
[Source "ChessBase"]
[SourceQuality "1"]
[TimeControl "40/5400+30:1800+30"]

1. d4 Nf6 2. c4 e6 3. Nf3 d5 4. g3 Bb4+ 5. Nbd2 O-O 6. Bg2 b6 7. O-O Bb7 8. b3 a5 9. Bb2 a4 10. bxa4 Nc6 11. Rc1 Na5 12. Ne5 Bxd2 13. Qxd2 Nd7 14. Ng4 c6 15. Ne3 Ba6 16. cxd5 exd5 17. Ba3 Re8 18. Bb4 Bb7 19. Nf5 Re6 20. Nd6 Qb8 21. Nxb7 Qxb7 22. Rfe1 Nf6 23. Bh3 Ree8 24. Bxa5 Rxa5 25. Qb4 h5 26. e3 Ne4 27. Bg2 Re6 28. Rb1 Qa8 29. Qxb6 Rxa4 30. Qc7 Qa5 31. Qc8+ Kh7 32. Bxe4+ dxe4 33. Rec1 Rxa2 34. Rc5 Qd2 35. Rf1 Qe2 36. Rf5 Kg6 37. Rf4 Rc2 38. h4 Rf6 39. Rxf6+ gxf6 40. Qg8+ Kh6 41. Qxf7 Qf3 42. Qf8+ Kg6 43. Qc8 Qf5 44. Qg8+ Kh6 45. Qb3 Re2 46. Qc4 Qf3 47. Qxc6 Kg6 48. Qe8+ Kf5 49. Qd7+ Kg6 50. Qe8+ Kf5 51. Qg8 Rc2 52. Qg7 Re2 53. Qd7+ Kg6 54. Qd6 Rc2 55. Qf4 Rd2 56. Kh2 f5 57. Kg1 Rb2 58. Qd6+ Kf7 59. d5 Rd2 60. Qe6+ Kg7 61. d6 Rd1 62. d7 Rxf1+ 63. Kxf1 Qd1+ 64. Kg2 Qf3+ 65. Kg1 Qd1+ 66. Kh2 Qf3 67. Qe7+ Kg6 68. Qd6+ Kf7 69. Qd3 1-0

[Event "12th A.Margaryan Memorial 2022"]
[Site "Yerevan"]
[Date "2022.01.16"]
[Round "8.4"]
[White "Danielyan, Vahe"]
[Black "Ohanyan, Emin"]
[Result "1-0"]
[ECO "D38"]
[WhiteElo "2332"]
[BlackElo "2373"]
[Annotator "ChessBase"]
[PlyCount "59"]
[EventDate "2022.01.09"]
[EventType "tourn"]
[EventCountry "ARM"]
[SourceTitle "playchess.com"]
[Source "ChessBase"]
[SourceQuality "1"]
[TimeControl "40/5400+30:1800+30"]

1. d4 Nf6 2. c4 e6 3. Nc3 Bb4 4. Nf3 d5 5. Qa4+ Nc6 6. e3 O-O 7. Qc2 Re8 8. Bd2 h6 9. a3 Bf8 10. O-O-O a6 11. Rg1 dxc4 12. g4 b5 13. g5 hxg5 14. Nxg5 b4 15. Nce4 g6 16. Bxc4 bxa3 17. Nxf7 Kxf7 18. Ng5+ Kg7 19. Nf3 Kh8 20. Qxg6 axb2+ 21. Kb1 Qe7 22. Ne5 Nxe5 23. dxe5 Qh7 24. exf6 e5 25. Bd3 Qxg6 26. Bxg6 Re6 27. Bc3 Bd6 28. Be4 Rb8 29. f7 Bd7 30. Rg5 1-0